 Dungeon Sprint DCSS version 0.31-a0-691-g409c26aa35 (webtiles) character file.

Game seed: 1084676997565511138

142 sircluck the Ruffian (level 5, -13/57 HPs)
             Began as a Troll Berserker on Sept 6, 2023.
             Was a Priest of Trog.
             Mangled by a shadow (24 damage)
             ... in the Dungeon (Sprint III: "The Ten Rune Challenge").
             The game lasted 00:00:55 (185 turns).

sircluck the Ruffian (Troll Berserker)               Turns: 185, Time: 00:00:55

Health: -13/57     AC:  6    Str: 27    XL:     5   Next: 4%
Magic:  4/4        EV: 11    Int:  3    God:    Trog [***...]
Gold:   25         SH:  0    Dex:  9    Spells: 4/4 levels left

rFire   . .          .
                       - Unarmed
rCold   . . .        (no shield)
rNeg    . . .        i - +2 robe
rPois   .            (helmet restricted)
rElec   .            (no cloak)
rCorr   .            (gloves unavailable)
SInv    .            (boots unavailable)
Will    .....        (no amulet)
Stlth   +            (no ring)
HPRegen 1.09/turn    (no ring)
MPRegen 0.09/turn

%: no teleportation
@: no status effects
A: large, unfitting armour, claws 3, regeneration 1, shaggy fur 1, tough skin 1,
antennae 1, subdued magic 1
a: Renounce Religion, Berserk, Trog's Hand


You were in the Dungeon.
You worshipped Trog.
Trog was most pleased with you.
You visited 1 branch You collected 25 gold pieces.

Inventory:

Armour
 a - a +0 animal skin
 i - a +2 robe (worn)
Wands
 h - a wand of flame (17)
Scrolls
 g - a scroll of blinking
 l - a scroll of immolation {unknown}
 m - 4 scrolls of identify
 n - a scroll of poison {unknown}
Potions
 b - 4 potions of curing
 c - a potion of heal wounds
 d - a potion of haste
 e - 2 potions of magic
 f - a potion of berserk rage
 j - a potion of cancellation {unknown}
 o - a potion of enlightenment {unknown}


   Skills:
 + Level 5.4 Fighting
 + Level 5.4 Dodging
 + Level 6.5 Unarmed Combat


You had 4 spell levels left.
You didn't know any spells.
Your spell library was empty.

Dungeon Overview and Level Annotations

Branches:
Dungeon (1/1)

Altars:


Innate Abilities, Weirdness & Mutations

You are too large for most types of armour.
You have claws for hands.
Your natural rate of healing is unusually fast.
You are covered in fur. (AC +1)
You have tough skin. (AC +1)
You have a pair of small antennae on your head.
Your spells are a little easier to cast, but a little less powerful.


Message History

Reactivating autopickup.
The jelly closely misses you.
You closely miss the shadow. The shadow hits you! The jelly closely misses you.
You scratch the shadow.
The shadow is moderately damaged.
The shadow misses you. The jelly hits you but does no damage.
You scratch the shadow but do no damage.
The shadow is moderately damaged.
The shadow hits you!
You closely miss the shadow.
The shadow is moderately damaged.
The jelly hits you.
You are splashed with acid.
The shadow barely misses you.
You are too injured to fight recklessly!
You are too injured to fight recklessly!
The shadow closely misses you. The shadow hits you!
There is an open door here.
You barely miss the jelly. The jelly hits you but does no damage.
You claw the jelly!
Your claws burn!
* * * LOW HITPOINT WARNING * * *
You claw the jelly.
You kill the jelly!
Trog accepts your kill.
You have reached level 5!
Unknown command.
You scratch the shadow.
The shadow is moderately damaged.
The shadow barely misses you.
You barely miss the shadow.
The shadow is moderately damaged.
The shadow hits you!
* * * LOW HITPOINT WARNING * * *
You scratch the shadow.
The shadow is moderately damaged.
The shadow slips into darkness.
The shadow flickers and vanishes!
Deactivating autopickup; reactivate with Ctrl-A.
You completely miss something.
The shadow strikes at you from the darkness!
You die...

▓▓▓ ♣♣ ♣.# .♣ ♣.#
.♣ ♣♣.#{ .♣
♣..###+#+###+##
♣♣♣♣♣.#..........#
~...♣.'.⌠.......@#
~~~♣♣.#...######{#
~~....#.⌠.# #...#
~.....#...# #...#
......#+### #...#
......# #...+
......# +...#
▓▓▓▓▓▓▓ ▓▓▓▓▓


There were no monsters in sight!

Vanquished Creatures
  A water elemental (D)
  A jelly (D)
  Jessica (D)
  A human (D)
  A phantom (D)
  An endoplasm (D)
  2 rats (D)
8 creatures vanquished.

Notes
Turn   | Place    | Note
-------+----------+-------------------------------------------
     0 | D        | sircluck the Troll Berserker began the quest for the Orb.
     0 | D        | Reached XP level 1. HP: 22/22 MP: 0/0
    14 | D        | Noticed Jessica
    17 | D        | Reached ** piety under Trog
    21 | D        | Killed Jessica
    22 | D        | Reached skill level 4 in Unarmed Combat
    22 | D        | Reached XP level 2. HP: 20/32 MP: 1/1
    22 | D        | Reached XP level 3. HP: 25/39 MP: 2/2
    84 | D        | Reached *** piety under Trog
    85 | D        | Reached skill level 5 in Unarmed Combat
   100 | D        | Gained mutation: You have a pair of small antennae on your
                  | head. [potion of mutation]
   100 | D        | Gained mutation: You are partially covered in iridescent
                  | scales. (AC +2) [potion of mutation]
   100 | D        | Gained mutation: You occasionally lose the ability to read
                  | scrolls when taking damage. [potion of mutation]
   101 | D        | Lost mutation: You occasionally lose the ability to read
                  | scrolls when taking damage. [potion of mutation]
   101 | D        | Lost mutation: You are partially covered in iridescent
                  | scales. (AC +2) [potion of mutation]
   101 | D        | Gained mutation: Your spells are a little easier to cast,
                  | but a little less powerful. [potion of mutation]
   119 | D        | Noticed a water elemental
   123 | D        | Killed a water elemental
   124 | D        | Reached skill level 5 in Fighting
   124 | D        | Reached skill level 5 in Dodging
   124 | D        | Reached skill level 6 in Unarmed Combat
   124 | D        | Reached XP level 4. HP: 50/50 MP: 3/3
   169 | D        | Noticed a shadow
   181 | D        | Reached XP level 5. HP: 16/57 MP: 4/4
   185 | D        | Mangled by a shadow

Illustrated notes

Levels and vault maps discovered:
D:        dungeon_sprint_mu [sprint_mu_entry_forest, sprint_mu_temple_rooms,
          sprint_mu_d1_spiders, sprint_mu_d2_genie, sprint_mu_d3_branching,
          sprint_mu_orc_legion, sprint_mu_elf_gauntlet, sprint_mu_hive_nellie,
          sprint_mu_lair_fedhas, sprint_mu_vaults_butterflies,
          sprint_mu_slime_circle, sprint_mu_swamp_cave, sprint_mu_snake_twists,
          sprint_mu_blade_basic, sprint_mu_crypt_fortress,
          sprint_mu_tomb_spiral, sprint_mu_vestibule_basic,
          sprint_mu_gehenna_hellfire, sprint_mu_dis_giant,
          sprint_mu_tartarus_statrot, sprint_mu_cocytus_islands, sprint_mu_zot1]

Skill      XL: |  1  2  3 |
---------------+----------+-----
Fighting       | 3 5 |  5.4
Dodging        | 3 5 |  5.4
Unarmed Combat | 4 6 |  6.5

Action                     |  1- 3 |  4- 6 || total
---------------------------+-------+-------++-------
  Melee: Unarmed           |    22 |    10 ||    32
         Punch             |       |     1 ||     1
 Invoke: Berserk           |     1 |       ||     1
    Use: Potion            |     2 |       ||     2
 Armour: Animal skin       |     9 |       ||     9
         Robe              |     6 |     9 ||    15
  Dodge: Dodged            |     6 |     6 ||    12

Table legend: (Time is in decaauts)
 A = Elapsed time spent in this place.
 B = Non-inter-level travel time spent in this place.
 C = Inter-level travel time spent in this place.
 D = Time resting spent in this place.
 E = Time spent auto-exploring this place.
 F = Levels seen in this place.
 G = Mean time per level.
                   A        B        C        D        E       F      G
               +--------+--------+--------+--------+--------+-----+--------+
         Total |    192 |    180 |     12 |     40 |     31 |   1 |  192.0 |
       Dungeon |    192 |    180 |     12 |     40 |     31 |   1 |  192.0 |
               +--------+--------+--------+--------+--------+-----+--------+

Top non-repeatable levels by time:
       D: 192 daAuts
